Map: Taito Citadel LE

Players

niazko - Winner!

  • Race: Terran Terran
  • League: Diamond
  • Spawn Location: 11:00

Gioxo

  • Race: Protoss Protoss
  • League: Diamond
  • Spawn Location: 5:00

VOD

Have the link to the VOD?

Description

Time

  • Played on: Dec. 4, 2025, 1:27 p.m.
  • Length: 3:52
Show
View Real Time Build Order
Export as new Build Order

niazko Terran - Winner!

Build Orders:  

Get SALT Encoding   

  12  0:01  SCV  
  13  0:16  Supply Depot  
  13  0:18  SCV  
  14  0:30  SCV  
  15  0:39  Barracks  
  15  0:56  Barracks  
  15  1:10  Barracks  
  15  1:23  Barracks  
  15  1:27  Marine  
  16  1:38  Supply Depot  
  16  1:47  Marine  
  16  1:48  Marine  
  18  1:58  Marine  
  19  2:03  SCV  
  19  2:05  Marine  
  21  2:12  Marine x2  
  23  2:20  Supply Depot  
  23  2:25  Marine  
  23  2:27  Marine  
  25  2:36  SCV  
  25  2:37  Marine  
  27  2:46  Supply Depot  
  27  2:48  Marine  
  28  2:52  Marine  
  28  2:56  Marine  
  30  3:01  Marine  
  31  3:06  Marine  
  31  3:10  Marine  
  33  3:14  Marine  
  33  3:18  Marine  
  35  3:24  Marine  
  36  3:28  Marine  
  35  3:50  Bunker  
Show
View Real Time Build Order
Export as new Build Order

Gioxo Protoss 

Build Orders: 1 Gate Expand 

Get SALT Encoding   

  1  0:00  Probe  
  12  0:04  Probe  
  14  0:17  Pylon  
  14  0:21  Probe  
  15  0:35  Gateway  
  15  0:37  Probe  
  16  0:43  Assimilator  
  16  0:49  Probe  
  17  1:02  Probe  
  18  1:20  Nexus  
  18  1:22  Probe  
  19  1:34  Cybernetics Core  
  19  1:36  Probe  
  20  1:42  Assimilator  
  20  1:48  Probe  
  21  1:59  Gateway  
  21  2:00  Warp Gate, Probe  
  22  2:05  Pylon  
  22  2:13  Probe, Adept  
  23  2:26  Probe  
  26  2:32  Probe  
  27  2:41  Robotics Facility  
  27  2:44  Probe x2  
  27  2:49  Adept  
  31  2:55  Adept  
  31  2:58  Probe  
  34  3:01  Probe  
  35  3:10  Probe  
  36  3:13  Probe  
  36  3:14  Pylon  
  41  3:29  Probe x2  
Tags
 
Add a new tag
Caveats
  • Supply blocks, unpowered buildings, or Contaminate may cause inaccurate times.
  • Supply counts are checked every 10 seconds.